 Dungeon Crawl Stone Soup version bcrawl-1.28.1b (webtiles) character file.

Game seed: 5073807246773817016

153890 Adamkad1 the Insei (level 5, 0/35 HPs)
             Began as an Octopode Transmuter on Dec 17, 2020.
             Slain by an orc warrior
             ... wielding a +0 short sword
              (8 damage)
             ... on level 3 of the Dungeon.
             The game lasted 00:04:15 (2509 turns).

Adamkad1 the Insei (Octopode Transmuter)            Turns: 2509, Time: 00:04:16

Health: 0/35       AC:  1    Str: 10    XL:     5   Next: 61%
Magic:  0/8        EV: 14    Int: 15    God:
Gold:   113        SH:  0    Dex: 13    Spells: 3/9 levels left

rFire    . . .     SeeInvis .     - Tentacles (7.3)
rCold    . . .     Gourm    .   (no shield)
rNeg     . . .     Faith    .   (helmet restricted)
rPois    .         Spirit   +   n - scarf {Spirit}
rElec    .         Reflect  .   (no amulet)
rCorr    .         Harm     .   (no ring)
MR       .....                  (no ring)
Stlth    ++........             (no ring)
HPRegen  0.11/turn              (no ring)
MPRegen  0.11/turn              (no ring)
                                (no ring)
                                (no ring)
                                (no ring)

@: no status effects
A: almost no armour, stealthy swim, amphibious, 8 rings, constrict 8, camouflage
1, gelatinous body 1
a: no special abilities


You were on level 3 of the Dungeon.
You were very hungry.

You visited 1 branch of the dungeon, and saw 4 of its levels.

You collected 113 gold pieces.

Inventory:

Missiles
 a - 120 arrows
Armour
 n - a scarf of spirit shield (worn)
Jewellery
 o - an uncursed ring of positive energy {unknown}
Scrolls
 b - 5 scrolls of identify
 f - 4 scrolls of remove curse {unknown}
 k - 3 scrolls of enchant armour {unknown}
 l - a scroll of enchant weapon {unknown}
 m - a scroll of fear {unknown}
 p - 2 scrolls of fog {unknown}
Potions
 c - a potion of lignification
 d - a potion of mutation {unknown}
 g - 2 potions of resistance {unknown}
 i - a potion of flight {unknown}
 j - a potion of haste {unknown}
Comestibles
 e - 5 rations {!d}


   Skills:
 * Level 2.6 Fighting
 + Level 2.7 Dodging
 * Level 4.0 Unarmed Combat
 + Level 2.6 Spellcasting
 * Level 3.1 Transmutations


You had 3 spell levels left.
You knew the following spells:

 Your Spells              Type           Power        Failure   Level  Hunger
a - Beastly Appendage     Tmut           ##....       6%          1    None
b - Spider Form           Tmut/Pois      #..          32%         3    ####...
c - Sticks to Snakes      Tmut           ##......     9%          2    ##.....

Your spell library contained the following spells:

 Spells                   Type           Power        Failure   Level  Hunger
 Passwall                 Tmut/Erth      #.......     17%         2    ##.....
 Ice Form                 Ice/Tmut       #.......     73%         4    #####..
 Blade Hands              Tmut           ##........   85%         5    #######


Dungeon Overview and Level Annotations

Branches:
Dungeon (4/12)
 Temple: D:4-7

Altars:
Gozag


Innate Abilities, Weirdness & Mutations

You cannot wear most types of armour.
You are very stealthy in the water. (Stealth+)
You are amphibious.
You can wear up to eight rings at the same time.
You can use your tentacles to constrict eight enemies at once.
Your skin changes colour to match your surroundings (Stealth+).
Your rubbery body absorbs attacks. (AC +1, EV +1)


Message History

The orc warrior completely misses you.
You hit the orc warrior.
The orc warrior looks more poisoned.
The orc warrior is moderately wounded.
The orc warrior hits you with a +0 short sword!
* * * LOW HITPOINT WARNING * * *
You are feeling very hungry.
You hit the orc warrior.
The orc warrior is heavily wounded.
The orc warrior closely misses you.
Casting: Spider Form (quite dangerous; 54% risk of failure)
Confirm with . or Enter, or press ? or * to list all spells.
Okay, then.
You hit the orc warrior but do no damage.
The orc warrior looks more poisoned.
The orc warrior is heavily wounded.
Your transformation has ended.
Your scarf of spirit shield unmelds from your body.
You feel spirits watching over you.
The orc warrior hits you with a +0 short sword!
You die...

..# #.# ### #.# #.# .P #.#
#.# . #.# #[# #### #.# #.#
#.. #### #.# #.# #.#
###... #.########.###.##
#.(... #..<.....@o...>.#
#.....
#.#############.######..##
#.# #............ #.#
#..######).#. #.# #..#
#.)#.
#.############..######..##
#......................)##
######################....
#####


You could see an orc warrior.

Vanquished Creatures
  A crimson imp (D:4)
  An orc priest (D:3)
  An orc wizard (D:3)
  2 oozes
  A worm (D:2)
  3 dart slugs
  4 leopard geckos
  5 orcs (D:3)
  5 bats
  2 giant cockroaches (D:1)
  4 goblins
  7 hobgoblins
  7 jackals
  A ball python (D:1)
  5 frilled lizards
  9 kobolds
  6 rats
64 creatures vanquished.

Notes
Turn   | Place    | Note
-------+----------+-------------------------------------------
     0 | D:1      | Adamkad1 the Octopode Transmuter began the quest for the
                  | Orb.
     0 | D:1      | Reached XP level 1. HP: 13/13 MP: 3/3
     1 | D:1      | Noticed an electric eel
   179 | D:1      | Reached XP level 2. HP: 18/18 MP: 5/5
   595 | D:1      | Reached XP level 3. HP: 4/23 MP: 4/6
  1076 | D:2      | Found an opulent altar of Gozag.
  1377 | D:2      | Reached XP level 4. HP: 29/29 MP: 5/7
  1658 | D:2      | Learned a level 3 spell: Spider Form
  1661 | D:2      | Learned a level 2 spell: Sticks to Snakes
  1899 | D:3      | Noticed an orc warrior
  2182 | D:3      | Reached XP level 5. HP: 35/35 MP: 6/8
  2207 | D:3      | HP: 1/35 [orc warrior/+0 short sword (19)]
  2330 | D:4      | Reached skill level 4 in Unarmed Combat
  2509 | D:3      | Slain by an orc warrior

Skill      XL: |  1  2  3  4  5 |
---------------+----------------+-----
Fighting       | 2 |  2.6
Transmutations | 3 |  3.1
Unarmed Combat | 4 |  4.0
Dodging        | |  2.7
Spellcasting   | |  2.6

Action                   |  1- 3 |  4- 6 || total
-------------------------+-------+-------++-------
Melee: Unarmed           |    73 |    78 ||   151
       Constrict         |    24 |    11 ||    35
       Tentacles         |    16 |     5 ||    21
       Kick              |    12 |    10 ||    22
       Punch             |     1 |     2 ||     3
 Cast: Beastly Appendage |    23 |    16 ||    39
       Spider Form       |       |     3 ||     3
 Stab: Sleeping          |     7 |     2 ||     9
  Eat: Chunk             |     3 |     6 ||     9
Armor: Skin              |     7 |     5 ||    12
Dodge: Dodged            |    48 |    48 ||    96
